AoeStats
← 小小吸管

Arena

510314785Analyzed
4v4 RM · 2d ago on Sep 30, 2026· 37m 11s· 8 players
Game mode
Random Map
Map size
Large (8 player)
Population
200
Speed
Normal
Resources
Standard
Victory
Conquest
Starting age
Dark Age
Ending age
Imperial Age
RankedLock teamsTeams togetherTeam positionsShared explorationLock speedFull tech treeHidden civsTurbo modeCheats
Victory
Defeat
🇩🇪 Lithuanians · Germany
1207
+12
🇲🇽 Mongols · Mexico
1190
+12
🇦🇿 Varangians · Azerbaijan
1182
+13
🇯🇴 Malay · Jordan
1145
+14
🇨🇳 Saxons · China
1169
-15
🇹🇼 Byzantines · Taiwan
1148
-14
🇹🇼 Franks · Taiwan
1055
-11
🇹🇼 Turks · Taiwan
1053
-11
Koko
11:04 Feudal Age
16:15 Castle Age
14:14 Double-Bit Axe
14:13 Horse Collar
21:43 Gold Mining
22:17 Bow Saw
23:36 Heavy Plow
28:14 Imperial Age
25:31 Loom
26:21 Wheelbarrow
27:36 Scale Barding Armor
27:42 Forging
30:10 Iron Casting
33:00 Hand Cart
33:50 Elite Battle Elephant
34:31 Husbandry
Sunday
10:18 Feudal Age
11:19 Loom
15:18 Castle Age
13:22 Double-Bit Axe
14:14 Stone Mining
14:36 Horse Collar
19:42 Fletching
21:48 Bodkin Arrow
25:07 Padded Archer Armor
31:36 Wheelbarrow
30:47 Town Watch
30:59 Gold Mining
31:20 Bow Saw
36:56 Imperial Age
34:46 Hand Cart
35:12 Leather Archer Armor
35:01 Heavy Plow
36:29 Thumb Ring
37:29 Bloodlines
37:20 Husbandry
38:05 Conscription
Greiffović
7:15 Loom
10:11 Feudal Age
14:57 Castle Age
12:56 Double-Bit Axe
12:53 Horse Collar
14:16 Scale Barding Armor
17:42 Bow Saw
17:55 Fervor
19:47 Heavy Plow
21:21 Wheelbarrow
26:42 Husbandry
28:07 Gold Mining
32:37 Imperial Age
30:34 Bloodlines
30:49 Fortified Wall
31:02 Forging
31:10 Stone Mining
31:37 Hand Cart
32:14 Chain Barding Armor
33:11 Ballistics
32:42 Fletching
33:27 Iron Casting
33:16 Padded Archer Armor
34:59 Two-Man Saw
34:29 Crop Rotation
34:16 Thumb Ring
35:12 Stone Shaft Mining
36:13 Chemistry
I have Gun
11:12 Feudal Age
12:11 Double-Bit Axe
15:04 Castle Age
13:32 Horse Collar
16:08 Bow Saw
17:01 Wheelbarrow
23:00 Hand Cart
23:38 Heavy Plow
24:08 Gold Mining
25:48 Stone Mining
26:14 Scale Barding Armor
26:19 Forging
27:56 Chain Barding Armor
30:10 Imperial Age
28:46 Chain Barding Armor
29:02 Iron Casting
29:15 Stone Shaft Mining
28:48 Vendel Legacy
29:32 Husbandry
28:55 Light Cavalry
29:56 Bloodlines
31:13 Conscription
32:04 Blast Furnace
31:39 Plate Barding Armor
31:06 Elite Jarl
TingA
11:17 Feudal Age
17:00 Castle Age
15:13 Double-Bit Axe
15:56 Gold Mining
18:04 Stone Mining
19:29 Gold Mining
20:20 Scale Barding Armor
24:25 Bow Saw
30:32 Imperial Age
29:13 Fletching
30:05 Husbandry
31:19 Gold Shaft Mining
30:44 Bodkin Arrow
31:00 Forging
35:33 Iron Casting
35:09 Pikeman
37:19 Chemistry
中国足球
10:29 Feudal Age
11:29 Double-Bit Axe
11:57 Horse Collar
14:29 Castle Age
15:37 Bow Saw
17:07 Wheelbarrow
21:36 Loom
21:49 Gold Mining
22:50 Hand Cart
24:19 Gold Shaft Mining
27:14 Imperial Age
25:01 Scale Mail Armor
25:04 Stone Mining
25:40 Heavy Plow
25:52 Forging
26:15 Chain Mail Armor
25:49 Loom
25:51 Town Watch
26:26 Squires
26:11 Arson
26:26 Arson
27:59 Iron Casting
28:36 Plate Mail Armor
27:49 Capped Ram
28:04 Pikeman
28:52 Elite Varangian Guard
32:18 Two-Man Saw
31:19 Caravan
32:53 Conscription
32:40 Siege Ram
37:00 Fletching
bluemountain
9:11 Feudal Age
11:15 Loom
16:23 Castle Age
15:42 Double-Bit Axe
17:25 Bow Saw
19:58 Husbandry
20:24 Fervor
23:53 Horse Collar
30:43 Imperial Age
29:06 Wheelbarrow
28:17 Loom
29:02 Scale Barding Armor
29:07 Forging
28:51 Treadmill Crane
30:57 Hand Cart
30:58 Heavy Camel Rider
32:04 Chain Barding Armor
32:20 Iron Casting
31:46 Padded Archer Armor
33:20 Chemistry
32:44 Fletching
33:16 Fortified Wall
35:16 Plate Barding Armor
35:13 Ballistics
36:08 Two-Man Saw
35:12 Heavy Plow
35:51 Gold Mining
35:51 Stone Mining
36:39 Conscription
37:59 Gold Shaft Mining
小小吸管
5:27 Loom
13:04 Feudal Age
17:20 Castle Age
25:15 Imperial Age
Connection lost

Rejoining the realm…

Still unreachable

The connection could not be restored.

Session expired

The server has moved on; the page needs a fresh start.